Map: Oceanborn LE

Players

QuantumNoobs - Winner!

  • Race: Zerg Zerg
  • League: Diamond
  • Spawn Location: 11:00

Blinded

  • Race: Terran Terran
  • League: Diamond
  • Spawn Location: 5:00

VOD

Have the link to the VOD?

Description

Time

  • Played on: March 13, 2024, 7:17 p.m.
  • Length: 21:15
Show
View Real Time Build Order
Export as new Build Order

QuantumNoobs Zerg - Winner!

Build Orders: Hatch First 

Get SALT Encoding   

  12  0:00  Drone  
  13  0:13  Overlord  
  13  0:16  Drone  
  14  0:31  Drone x2  
  16  0:50  Hatchery  
  16  0:52  Drone  
  16  0:56  Drone  
  17  1:02  Drone  
  18  1:10  Extractor  
  17  1:17  Spawning Pool  
  16  1:19  Drone  
  16  1:22  Drone  
  18  1:28  Drone  
  19  2:03  Zergling x2  
  19  2:04  Zergling x4  
  19  2:05  Queen x2  
  19  2:06  Drone  
  27  2:12  Overlord  
  27  2:15  Metabolic Boost  
  27  2:21  Drone  
  28  2:38  Drone  
  28  2:39  Drone x3  
  32  2:48  Drone x2  
  34  2:59  Hatchery  
  34  3:00  Drone x2  
  35  3:07  Lair  
  35  3:09  Drone  
  36  3:16  Overlord  
  36  3:17  Zergling x2  
  35  3:31  Zergling x2  
  35  3:33  Overlord  
  35  3:36  Queen  
  35  3:39  Zergling x8  
  41  3:45  Baneling Nest, Spore Crawler  
  39  3:48  Spore Crawler  
  39  3:49  Drone  
  39  3:51  Drone  
  40  3:59  Zergling x4  
  42  4:04  Drone  
  42  4:05  Drone x2  
  42  4:06  Drone  
  42  4:08  Drone  
  47  4:10  Extractor  
  47  4:12  Overlord  
  46  4:27  Drone x2  
  46  4:28  Drone x2, Evolution Chamber  
  46  4:29  Drone, Evolution Chamber  
  49  4:35  Centrifugal Hooks  
  49  4:37  Baneling  
  49  4:38  Zergling x2, Baneling x3  
  49  4:41  Zergling x2  
  51  4:46  Baneling  
  51  4:52  Zergling x2  
  50  4:56  Zergling x14  
  54  5:03  Zergling x8  
  55  5:09  Spore Crawler  
  55  5:10  Spore Crawler  
  55  5:11  Drone  
  55  5:13  Drone, Spore Crawler  
  54  5:14  Drone  
  54  5:19  Drone  
  54  5:20  Drone x2  
  58  5:22  Drone  
  58  5:23  Zergling x2  
  58  5:25  Zergling x2  
  58  5:27  Baneling  
  58  5:28  Baneling x2  
  61  5:29  Baneling  
  61  5:33  Baneling  
  60  5:40  Overlord x2  
  60  5:41  Overlord  
  60  5:42  Baneling  
  52  5:58  Zergling x2  
  52  5:59  Zergling x12, Drone x3  
  52  6:00  Drone x2  
  52  6:01  Drone  
  65  6:15  Hydralisk Den  
  65  6:16  Extractor  
  63  6:20  Extractor  
  63  6:22  Drone x4, Overlord  
  66  6:26  Baneling x2  
  66  6:27  Baneling  
  66  6:37  Overlord x4  
  66  6:39  Overlord x2  
  66  6:41  Zergling x6  
  66  6:43  Drone x2  
  71  6:47  Baneling  
  71  6:48  Baneling x3  
  68  6:59  Overlord x3  
  65  7:07  Drone x2  
  65  7:08  Drone x4  
  69  7:09  Spore Crawler  
  64  7:26  Zergling x14  
  64  7:27  Hydralisk x2  
  64  7:29  Grooved Spines  
  73  7:45  Overlord, Spine Crawler  
  73  7:46  Drone x2  
  73  7:47  Drone  
  75  7:51  Hatchery  
  74  8:05  Zerg Ground Armor Level 1  
  74  8:12  Hydralisk  
  76  8:13  Hydralisk  
  78  8:20  Muscular Augments  
  78  8:21  Hydralisk  
  78  8:26  Hydralisk  
  75  8:28  Hydralisk  
  71  8:42  Zergling x22  
  75  8:49  Hydralisk x4  
  83  8:58  Drone x5, Extractor x2  
  86  9:08  Hydralisk x3  
  92  9:19  Hydralisk x3, Spore Crawler x2  
  92  9:22  Overlord  
  96  9:24  Spore Crawler  
  95  9:33  Hydralisk x3, Overlord  
  95  9:34  Zergling x2  
  99  9:52  Baneling  
  99  9:53  Baneling x3  
  99  9:55  Hydralisk x3  
  99  10:11  Hydralisk x2  
  99  10:12  Hydralisk  
  99  10:13  Zergling x10  
  108  10:19  Zerg Missile Weapons Level 1  
  108  10:20  Drone  
  108  10:21  Drone x3  
  112  10:25  Drone x2  
  112  10:28  Hydralisk x2  
  114  10:32  Zergling x2  
  114  10:33  Zergling x2  
  120  10:36  Pneumatized Carapace  
  120  10:38  Overseer  
  120  10:40  Overseer  
  120  10:43  Overlord  
  120  10:44  Overlord  
  100  11:00  Hydralisk x5  
  100  11:01  Zergling x2  
  89  11:04  Zergling x2  
  89  11:05  Zergling x2  
  89  11:08  Hydralisk  
  89  11:10  Drone  
  94  11:12  Drone  
  94  11:15  Zergling x2  
  94  11:16  Zergling x2  
  97  11:19  Drone x2  
  97  11:20  Drone  
  97  11:22  Drone  
  101  11:26  Baneling x5  
  101  11:27  Baneling  
  101  11:28  Baneling x2  
  101  11:29  Baneling  
  101  11:30  Baneling  
  101  11:32  Zergling x2  
  102  11:36  Zergling x6  
  105  11:46  Hydralisk x2  
  109  11:47  Zergling x2  
  109  11:53  Baneling x4  
  109  11:54  Baneling, Spore Crawler  
  92  12:05  Hydralisk  
  92  12:06  Hydralisk x4  
  91  12:12  Hydralisk  
  91  12:13  Hydralisk  
  93  12:22  Hydralisk  
  93  12:23  Hydralisk, Spire  
  93  12:25  Drone  
  93  12:27  Drone  
  93  12:28  Drone  
  99  12:35  Zergling x2  
  99  12:36  Zergling x8  
  104  12:40  Hydralisk  
  104  12:41  Hydralisk  
  99  12:58  Hydralisk  
  99  12:59  Hydralisk x5  
  99  13:00  Zergling x2  
  99  13:03  Baneling x4  
  99  13:04  Baneling x2  
  99  13:05  Baneling x2  
  112  13:08  Drone x2  
  114  13:19  Hydralisk x4  
  116  13:21  Zergling x2  
  116  13:22  Zergling x2  
  124  13:27  Hydralisk  
  124  13:29  Zergling x4  
  115  13:43  Zergling x24  
  127  13:52  Zergling x2  
  127  13:54  Overlord x2  
  127  13:55  Overlord  
  128  14:12  Hatchery  
  116  14:24  Baneling x4  
  116  14:25  Hydralisk x10  
  116  14:30  Baneling x9  
  136  14:31  Baneling  
  136  14:32  Baneling  
  136  14:38  Drone  
  136  14:39  Drone x4  
  136  14:40  Overlord  
  136  14:43  Hydralisk  
  143  14:48  Zerg Ground Armor Level 2  
  143  14:58  Zergling x2  
  143  14:59  Zergling x14  
  149  15:01  Overlord  
  149  15:13  Zergling x6  
  151  15:16  Overlord  
  151  15:18  Overlord  
  151  15:33  Baneling  
  151  15:34  Baneling x10  
  151  15:35  Baneling x9  
  151  15:45  Zergling x28  
  151  15:46  Overlord  
  133  16:08  Hydralisk x6  
  133  16:09  Hydralisk x4  
  127  16:14  Baneling x10  
  127  16:15  Baneling x2  
  127  16:23  Hydralisk x3  
  132  16:26  Baneling x2  
  124  16:38  Hydralisk x4  
  124  16:39  Zergling x4  
  118  16:41  Zergling x2  
  118  16:42  Zergling x4  
  118  16:43  Zergling x2  
  120  16:54  Extractor  
  120  16:59  Hydralisk x3  
  123  17:03  Baneling x2  
  123  17:04  Baneling x4  
  122  17:12  Hydralisk  
  122  17:13  Hydralisk x5  
  122  17:14  Zergling x2  
  104  17:26  Hydralisk x4  
  104  17:27  Zergling x4  
  104  17:29  Hydralisk  
  102  17:31  Zergling x2  
  102  17:32  Zergling x2  
  102  17:33  Zergling x2  
  102  17:34  Zergling x2  
  102  17:36  Hydralisk  
  108  17:42  Zergling x2  
  108  17:43  Zergling x10  
  112  17:45  Hydralisk  
  114  17:54  Hydralisk  
  114  17:55  Hydralisk x3  
  99  18:05  Zergling x2  
  99  18:06  Zergling x16  
  99  18:10  Hydralisk x2  
  100  18:13  Hydralisk  
  100  18:22  Drone x2, Spore Crawler  
  100  18:23  Spine Crawler  
  100  18:24  Hydralisk  
  100  18:26  Zergling x2  
  104  18:27  Zergling x2  
  104  18:28  Zergling x2  
  104  18:31  Hydralisk  
  106  18:37  Baneling x8  
  106  18:38  Baneling  
  106  18:39  Baneling  
  106  18:40  Baneling x2  
  105  18:41  Drone  
  106  18:53  Hydralisk  
  108  18:55  Zergling x2  
  109  19:03  Hatchery  
  101  19:14  Hydralisk x5  
  101  19:15  Zergling x2, Hydralisk x2  
  109  19:39  Drone x12  
  109  19:40  Drone x3  
  109  19:45  Lurker Den  
  116  20:04  Hydralisk x6  
  116  20:05  Zergling x8  
  121  20:25  Hydralisk x10  
  121  20:26  Zergling x2  
  140  20:39  Hydralisk x4  
  140  20:40  Hydralisk x2  
  140  20:41  Zergling x2  
  145  20:47  Hydralisk x3  
  145  20:48  Zergling x2  
  145  20:49  Zergling x2  
Show
View Real Time Build Order
Export as new Build Order

Blinded Terran 

Build Orders: Mech 

Get SALT Encoding   

  12  0:00  SCV  
  13  0:12  SCV  
  14  0:21  Supply Depot  
  14  0:24  SCV  
  16  0:42  SCV  
  16  0:44  Barracks  
  16  0:50  Refinery  
  16  0:55  SCV  
  17  0:59  Refinery  
  17  1:07  SCV  
  18  1:19  SCV  
  19  1:31  SCV  
  20  1:43  SCV, Ghost Academy  
  20  1:46  Barracks Tech Lab  
  21  1:54  Factory  
  21  1:55  SCV  
  22  2:08  Orbital Command  
  22  2:10  Supply Depot  
  22  2:25  Supply Depot  
  24  2:39  Factory Tech Lab  
  24  2:57  Command Center  
  24  3:00  Unknown  
  24  3:01  SCV  
  27  3:20  Starport  
  27  3:37  Unknown  
  29  3:48  Siege Tank  
  32  3:56  Refinery  
  32  3:59  SCV  
  33  4:04  Refinery  
  33  4:05  Medivac  
  33  4:06  Unknown  
  35  4:11  SCV  
  35  4:14  Orbital Command  
  36  4:27  Command Center  
  36  4:36  Fusion Core  
  36  4:38  Starport Tech Lab  
  36  5:10  Siege Tank, Supply Depot  
  41  5:15  Starport  
  41  5:37  Unknown  
  41  5:46  Supply Depot  
  42  5:50  SCV  
  42  5:54  Battlecruiser  
  50  6:13  Factory Tech Lab  
  50  6:16  SCV  
  51  6:28  Unknown  
  51  6:39  Supply Depot  
  51  6:40  Battlecruiser, Supply Depot x2  
  55  7:36  Battlecruiser  
  61  7:40  SCV x2  
  61  7:43  Supply Depot  
  65  7:52  Factory, SCV x2  
  65  7:55  Factory  
  67  8:04  SCV  
  68  8:07  Unknown  
  68  8:11  Orbital Command  
  68  8:17  SCV x2  
  68  8:19  Battlecruiser  
  68  8:44  SCV x3  
  68  8:46  Hellion x2  
  68  8:47  Infernal Pre-Igniter  
  76  8:48  Hellion  
  76  9:00  Weapon Refit  
  76  9:03  Banshee, SCV x2  
  78  10:17  Factory Tech Lab x2  
  78  10:20  Armory  
  78  10:23  Armory  
  78  10:24  Siege Tank  
  78  10:27  Liberator  
  78  10:28  Marine  
  85  10:40  Refinery  
  85  10:46  Marine  
  85  10:47  Command Center  
  86  10:54  Refinery  
  77  11:13  Thor  
  77  11:15  Thor  
  77  11:17  Hellion  
  91  11:22  SCV x3  
  94  11:30  Barracks  
  94  11:33  Barracks x2  
  94  11:34  Barracks  
  94  11:37  Barracks  
  94  11:39  Barracks, Hellion  
  96  11:41  SCV x3  
  99  11:50  Barracks  
  99  11:53  SCV  
  75  12:23  Barracks Tech Lab  
  75  12:24  Barracks Tech Lab x3  
  75  12:29  Thor x3  
  93  12:31  Terran Vehicle Weapons Level 1, Terran Vehicle And Ship Armor Level 1  
  90  12:43  Marauder x2  
  90  12:44  Marauder x3  
  98  12:45  Marine x2  
  98  12:51  Liberator x2  
  102  12:55  Supply Depot  
  102  13:03  Marine x2  
  102  13:04  Marine  
  102  13:05  Marauder x2  
  109  13:09  Marauder x2  
  113  13:17  Hellion x2  
  113  13:18  Widow Mine  
  113  13:19  SCV  
  120  13:21  Marine  
  120  13:23  Marauder  
  120  13:26  SCV, Marauder x2, Engineering Bay  
  128  13:30  Marauder  
  119  13:58  Marine, Marauder x2  
  119  13:59  Marine  
  119  14:01  Medivac  
  127  14:04  Supply Depot  
  127  14:07  Supply Depot  
  127  14:16  Unknown  
  127  14:17  Unknown x2, Marauder x2  
  122  14:28  Combat Shield, Stimpack  
  122  14:29  Concussive Shells  
  122  14:31  Terran Vehicle Weapons Level 2  
  122  14:32  Terran Vehicle And Ship Armor Level 2  
  122  14:36  Terran Infantry Weapons Level 1  
  122  14:37  SCV x3  
  127  15:28  Raven  
  137  15:29  Raven, Command Center  
  137  15:30  Interference Matrix  
  137  15:33  SCV x2  
  141  15:49  Unknown  
  141  15:50  Unknown x4  
  111  16:08  Marine  
  102  16:20  Siege Tank  
  102  16:21  SCV x2  
  102  16:25  Unknown  
  109  16:26  Marine  
  110  16:36  Unknown x3, Marine x4  
  110  16:37  Unknown  
  106  16:44  Marine  
  107  16:53  Unknown  
  109  16:59  Command Center  
  110  17:22  Unknown x2  
  86  17:23  Unknown  
  88  17:48  Marine x2  
  88  17:49  Siege Tank  
  93  17:54  Marine  
  93  17:55  Unknown x4, Marine x3  
  85  18:05  Marine  
  85  18:06  Marine  
  85  18:12  Marine  
  72  18:21  Marauder  
  72  18:22  Marauder x2  
  72  18:24  Medivac, Marauder  
  72  18:25  Medivac  
  86  18:27  Widow Mine x2  
  86  18:30  SCV  
  86  18:31  Marauder  
  91  18:46  Marauder x3  
  91  18:47  Marine, Marauder  
  100  18:51  Marine  
  100  18:54  Medivac  
  103  19:04  Marine  
  103  19:07  Marine x2  
  78  19:17  Planetary Fortress  
  78  19:20  Refinery  
  78  19:21  Refinery  
  78  19:23  Marauder x3  
  84  19:25  Cyclone, Marauder x2  
  84  19:26  Cyclone x2  
  84  19:30  SCV x2  
  96  19:44  Marauder  
  97  19:58  Cyclone  
  72  20:12  SCV x2  
  58  20:16  Marine, Marauder x4  
  58  20:17  Marauder  
  58  20:18  Siege Tank  
  73  20:34  Marine  
  66  20:37  Marauder, Marine  
  66  20:42  Siege Tank  
  62  20:45  Marine x2  
  62  20:46  Marine  
  60  20:52  Supply Depot, Marine  
Tags
 
Composition
Mech
Matchup
TvZ
Spawn Locations
Cross Positions
Add a new tag
Caveats
  • Supply blocks, unpowered buildings, or Contaminate may cause inaccurate times.
  • Supply counts are checked every 10 seconds.